 Dungeon Crawl Stone Soup version 0.29-a0-275-g389c0b56f3 (webtiles) character file.

Game seed: 16493152537113482245

9 riojii the Chopper (level 2, 21/27 HPs)
             Began as a Deep Dwarf Berserker on Mar 9, 2022.
             Was a Follower of Trog.
             Quit the game on level 1 of the Dungeon.
             The game lasted 00:00:45 (255 turns).

riojii the Chopper (Deep Dwarf Berserker)            Turns: 255, Time: 00:00:46

Health: 21/27      AC:  2    Str: 20    XL:     2   Next: 6%
Magic:  2/2        EV: 12    Int:  7    God:    Trog [*.....]
Gold:   43         SH:  0    Dex: 12    Spells: 1/1 levels left

rFire   . . .      SeeInvis .   a - +0 hand axe
rCold   . . .      Faith    .   (no shield)
rNeg    . . .      Spirit   .   b - +0 animal skin
rPois   .          Reflect  .   (no helmet)
rElec   .          Harm     .   (no cloak)
rCorr   .          Rampage  .   (no gloves)
Will    .....                   (no boots)
Stlth   +.........              (no amulet)
HPRegen 0.00/turn               (no ring)
MPRegen 0.08/turn               (no ring)

@: no status effects
A: damage resistance, heal wounds, sense surroundings 1, no regeneration
a: Heal Wounds, Renounce Religion, Berserk


You were on level 1 of the Dungeon.
You worshipped Trog.
Trog was aware of your devotion.
You visited 1 branch of the dungeon, and saw 1 of its levels.

You collected 43 gold pieces.

Inventory:

Hand Weapons
 a - a +0 hand axe (weapon)
Armour
 b - a +0 animal skin (worn)
Scrolls
 c - 2 scrolls of teleportation {unknown}
 d - a scroll of brand weapon {unknown}


   Skills:
 + Level 2.8 Fighting
 * Level 3.5 Axes
 + Level 2.3 Armour
 + Level 2.3 Dodging


You had one spell level left.
You didn't know any spells.
Your spell library was empty.

Dungeon Overview and Level Annotations

Branches:
Dungeon (1/15)

Altars:


Innate Abilities, Weirdness & Mutations

You are resistant to damage.
You can heal yourself by infusing magical energy.
You passively map a small area around you.
You do not regenerate.


Message History

The bat closely misses you. The bat completely misses you. The bat hits you.
The bat hits you. The bat hits you but does no damage. x2
You slash the bat!
You kill the bat!
Trog accepts your kill.
No target in view!
No target in view!
You now have 43 gold pieces (gained 13).
d - a scroll labelled SEUDUO COPYTT An endoplasm comes into view.
An endoplasm is nearby!
An endoplasm is nearby!
An endoplasm is nearby!
The helpless endoplasm fails to defend itself.
You hit the endoplasm.
You kill the endoplasm!
Trog accepts your kill.
You have reached level 2!
A bat comes into view.
The bat moves out of view.
The bat hits you but does no damage. x2
A bat is nearby!
A bat is nearby!
A bat is nearby!
You miss the bat. The bat hits you. The bat barely misses you.
The bat hits you.
You hit the bat.
You kill the bat!
Trog accepts your kill.
No target in view!
No target in view!
No target in view!
No target in view!
No target in view!
No target in view!
No target in view!
No target in view!
Are you sure you want to abandon this character and quit the game? (Confirm with "yes".)

#.########### #.# #.# * *
###.############# , ,
#.##............#
,#.##...........#
#.##..........#
#.##.#..........# #
#....@..........# , .
#.#...............#
#.#....####.........# ,
#.#..###..###.......##* ,
,,
#...##......##.†.......#
..###.....##...........#.#
* .........####..........#
..
...####....####....#####.#
.# ............##.........
... .


There were no monsters in sight!

Vanquished Creatures
  2 bats (D:1)
  3 endoplasms (D:1)
  2 hobgoblins (D:1)
  A kobold (D:1)
8 creatures vanquished.

Notes
Turn   | Place    | Note
-------+----------+-------------------------------------------
     0 | D:1      | riojii the Deep Dwarf Berserker began the quest for the
                  | Orb.
     0 | D:1      | Reached XP level 1. HP: 20/20 MP: 1/1
   221 | D:1      | Reached XP level 2. HP: 21/27 MP: 2/2
   255 | D:1      | Quit the game

Illustrated notes

Levels and vault maps discovered:
D:1:      dpeg_arrival_circle_labyrinth_c, layout_basic,
          chequers_ecumenical_altar_simple_redux, nrook_mini_backslash,
          minmay_misc_feat_iff, amethyst_killhole

Action                   || total
-------------------------++-------
Melee: Hand axe          ||    15
 Stab: Sleeping          ||     1
Armor: Animal skin       ||     9
Dodge: Dodged            ||     7

Table legend: (Time is in decaauts)
 A = Elapsed time spent in this place.
 B = Non-inter-level travel time spent in this place.
 C = Inter-level travel time spent in this place.
 D = Time resting spent in this place.
 E = Time spent auto-exploring this place.
 F = Levels seen in this place.
 G = Mean time per level.
                   A        B        C        D        E       F      G
               +--------+--------+--------+--------+--------+-----+--------+
         Total |    256 |    256 |      0 |      0 |    213 |   1 |  256.0 |
       Dungeon |    256 |    256 |      0 |      0 |    213 |   1 |  256.0 |
               +--------+--------+--------+--------+--------+-----+--------+

Top non-repeatable levels by time:
     D:1: 256 daAuts
